 Dungeon Crawl Stone Soup version 0.31-a0-204-g7da18cac08 (webtiles) character file.

Game seed: 5866168869880979210

30 mopl the Grasshopper (level 3, -3/27 HPs)
             Began as a Formicid Warper on June 27, 2023.
             Splashed by a jelly's acid (7 damage)
             ... on level 2 of the Dungeon.
             The game lasted 00:01:33 (687 turns).

mopl the Grasshopper (Formicid Warper)               Turns: 687, Time: 00:01:33

Health: -3/27      AC: -7    Str: 15    XL:     3   Next: 37%
Magic:  6/6        EV: 11    Int: 14    God:
Gold:   32         SH:  0    Dex: 13    Spells: 5/7 levels left

rFire   . . .        a - +0 hand axe
rCold   . . .        (no shield)
rNeg    . . .        b - +0 leather armour
rPois   .            (helmet unavailable)
rElec   .            (no cloak)
rCorr   .            e - +0 pair of gloves
SInv    +            (no boots)
Will    .....        (no amulet)
Stlth   +            (no ring)
HPRegen 0.24/turn    (no ring)
MPRegen 0.10/turn

%: no passive effects
@: corroded
A: permanent stasis, dig shafts and tunnels, antennae 3, four strong arms
a: Dig, Shaft Self


You were on level 2 of the Dungeon.
You visited 1 branch of the dungeon, and saw 2 of its levels.

You collected 45 gold pieces.
You spent 13 gold pieces at shops.

Inventory:

Hand Weapons
 a - a +0 hand axe (weapon)
Missiles
 d - 7 boomerangs of dispersal (quivered)
Armour
 b - a +0 leather armour (worn)
 e - a +0 pair of gloves (worn)
Wands
 l - a wand of polymorph (14)
 m - a wand of flame (13)
Scrolls
 c - a scroll of blinking
 h - a scroll of fog {unknown}
 i - a scroll of teleportation {unknown}
 n - a scroll of immolation {unknown}
 o - 2 scrolls of amnesia {unknown}
Potions
 f - a potion of curing {unknown}
 g - 4 potions of brilliance {unknown}
 j - a potion of degeneration {unknown}
 k - a potion of might {unknown}


   Skills:
 - Level 2.1 Fighting
 * Level 2.9 Axes
 - Level 1.0 Throwing
 - Level 1.1 Armour
 - Level 1.7 Dodging
 + Level 2.5 Spellcasting
 + Level 3.0 Translocations


You had 5 spell levels left.
You knew the following spells:

 Your Spells              Type           Power      Damage    Failure   Level
b - Lesser Beckoning      Tloc           20%        N/A       12%         2

Your spell library contained the following spells:

 Spells                   Type           Power      Damage    Failure   Level
 Momentum Strike          Conj/Tloc      12%        3d8       22%         2
 Teleport Other           Tloc           10%        N/A       24%         3
 Slow                     Hex            4%         N/A       28%         1
 Manifold Assault         Tloc           10%        N/A       61%         4
 Confusing Touch          Hex            1%         N/A       63%         3
 Vampiric Draining        Necr           1%         2d6       63%         3
 Blink                    Tloc           Unusable   N/A       N/A         2
 Vhi's Electric Charge    Tloc/Air       Unusable   N/A       N/A         3

Dungeon Overview and Level Annotations

Branches:
Dungeon (2/15)

Altars:

Shops:
D:1 ?


Innate Abilities, Weirdness & Mutations

You cannot be hasted, slowed, berserked, paralysed or teleported.
You can dig through walls and to a lower floor.
You have a pair of large antennae on your head. (SInv)
Your four strong arms can wield two-handed weapons with a shield.


Message History

A kobold is nearby!
You hit the kobold.
You kill the kobold!
No target in view!
No target in view!
No target in view!
No target in view!
No target in view!
No target in view!
No target in view!
No target in view!
No target in view!
Things that are here:
a +0 club; a kobold corpse As you open the door, it creaks loudly!
A jelly and an endoplasm come into view.
The jelly quivers.
There are monsters nearby!
You close the door.
You hear a slurping noise.
The jelly eats the door!
An endoplasm comes into view.
The jelly hits you. The acid corrodes you!
You are splashed with acid!
The jelly attacks as you move away! The jelly barely misses you.
Aiming: Throw Flame
Press: ? - help, Shift-Dir - straight line, f - jelly
Aim: a jelly (100% to hit)
The puff of flame hits the jelly!
The jelly is moderately wounded.
The jelly hits you. The acid corrodes you!
You are splashed with acid!
* * * LOW HITPOINT WARNING * * *
Aiming: Throw Flame
Press: ? - help, Shift-Dir - straight line, f/p - jelly
Aim: a jelly (moderately wounded, 100% to hit)
The puff of flame hits the jelly!
The jelly is almost dead.
The jelly hits you.
* * * LOW HITPOINT WARNING * * *
The acid corrodes you!
You are splashed with acid!
You die...

# .#.# ######.#.#
.......... .......#
###### #...#.##########
#..{...
#.....###......##..{P.PP
####..##.......#J# {
####..)).......#J#
#.....').......#@#{{
#.....)).....#'#)#
#.....##.....#.#.#{{
......###....#.#.# {
#.....#########.##
....#..# ### #.#.#..##
#...#...## #####.#..#


You could see a jelly and an endoplasm.

Vanquished Creatures
  3 ball pythons
  2 bats (D:1)
  5 endoplasms (D:1)
  2 goblins (D:1)
  2 hobgoblins
  A quokka (D:2)
  2 frilled lizards (D:1)
  8 kobolds
  2 rats
27 creatures vanquished.

Notes
Turn   | Place    | Note
-------+----------+-------------------------------------------
     0 | D:1      | mopl the Formicid Warper began the quest for the Orb.
     0 | D:1      | Reached XP level 1. HP: 16/16 MP: 3/3
    43 | D:1      | Reached XP level 2. HP: 21/22 MP: 5/5
    46 | D:1      | Learned a level 2 spell: Lesser Beckoning
   377 | D:1      | Found Ilaguiwo's Magic Scroll Shop.
   386 | D:1      | Bought a scroll of noise for 13 gold pieces
   491 | D:2      | Reached XP level 3. HP: 24/27 MP: 6/6
   511 | D:2      | Reached skill level 3 in Translocations
   687 | D:2      | Splashed by a jelly's acid

Illustrated notes

Levels and vault maps discovered:
D:1:      minmay_arrival_checkered_box, layout_rooms, serial_shops, shop_statue
D:2:      cheibrodos_fertilizer, layout_basic

Skill      XL: |  1  2  3 |
---------------+----------+-----
Translocations | 3 |  3.0
Fighting       | |  2.1
Axes           | |  2.9
Throwing       | |  1.0
Armour         | |  1.1
Dodging        | |  1.7
Spellcasting   | |  2.5

Action                     || total
---------------------------++-------
  Melee: Hand axe          ||    73
  Evoke: Wand              ||     2
 Armour: Leather armour    ||    25
  Dodge: Dodged            ||    54

Table legend: (Time is in decaauts)
 A = Elapsed time spent in this place.
 B = Non-inter-level travel time spent in this place.
 C = Inter-level travel time spent in this place.
 D = Time resting spent in this place.
 E = Time spent auto-exploring this place.
 F = Levels seen in this place.
 G = Mean time per level.
                   A        B        C        D        E       F      G
               +--------+--------+--------+--------+--------+-----+--------+
         Total |    699 |    665 |     34 |     61 |    409 |   2 |  349.5 |
       Dungeon |    699 |    665 |     34 |     61 |    409 |   2 |  349.5 |
               +--------+--------+--------+--------+--------+-----+--------+

Top non-repeatable levels by time:
     D:1: 434 daAuts
     D:2: 265 daAuts
